 Seeded DCSS version 0.30-a0-626-gd6a5dd7a1f (webtiles) character file.

Game seed: 6002623319190267038 (custom seed)

6561 flotson the Trooper (level 10, -9/86 HPs)
             Began as a Demonspawn Delver on Jan 11, 2023.
             Killed from afar by a rakshasa (illusionary) (24 damage)
             ... with a lance of force
             ... on level 9 of the Dungeon.
             The game lasted 00:25:26 (11414 turns).

flotson the Trooper (Demonspawn Delver)            Turns: 11414, Time: 00:25:27

Health: -9/86      AC: 18    Str: 17    XL:     10   Next: 70%
Magic:  10/10      EV: 12    Int: 12    God:
Gold:   105        SH: 10    Dex: 14    Spells: 9/9 levels left

rFire   . . .      SeeInvis .    b - +5 war axe (pain)
rCold   . . .      Faith    .    o - +0 kite shield
rNeg    . . .      Spirit   .    O - +0 acid dragon scales
rPois   .          Reflect  .    (helmet restricted)
rElec   .          Harm     .    P - +1 cloak {Will+}
rCorr   +          Rampage  .    j - +0 pair of gloves
Will    +....      Rage     3%   (no boots)
Stlth   +++                      (no amulet)
HPRegen 0.34/turn                z - ring of resist corrosion
MPRegen 0.12/turn                A - +4 ring of protection

@: no status effects
A: antennae 2, yellow scales 2, demonic guardian 1, powered by death 1, berserk
1, robust 1
a: no special abilities


You were on level 9 of the Dungeon.
You visited 1 branch of the dungeon, and saw 9 of its levels.
You also visited: Ossuary.

You collected 459 gold pieces.
You spent 354 gold pieces at shops.

Inventory:

Hand Weapons
 a - a +3 flail of protection
 b - a +5 war axe of pain (weapon)
 e - a +0 arbalest
 F - a +2 scimitar of flaming
 M - a +5 trident
Missiles
 m - 13 poisoned darts (quivered)
 L - 6 boomerangs
 Q - a curare-tipped dart
 R - 3 throwing nets
Armour
 j - a +0 pair of gloves (worn)
 o - a +0 kite shield (worn)
 G - a +2 chain mail of cold resistance
 O - +0 acid dragon scales (worn)
 P - a +1 cloak of willpower (worn)
Jewellery
 z - a ring of resist corrosion (left hand)
 A - a +4 ring of protection (right hand)
Wands
 d - a wand of polymorph (1)
 g - a wand of digging (3)
 n - a wand of mindburst (7)
 B - a wand of light (2)
 J - a wand of paralysis (11)
 S - a wand of flame (22)
Scrolls
 c - 3 scrolls of fog
 i - 2 scrolls of enchant weapon {unknown}
 k - 3 scrolls of immolation
 l - 2 scrolls of butterflies {unknown}
 p - 2 scrolls of silence {unknown}
 q - 7 scrolls of identify
 s - 2 scrolls of blinking {unknown}
 x - a scroll of vulnerability {unknown}
 y - 5 scrolls of teleportation
 C - 2 scrolls of amnesia {unknown}
 D - 2 scrolls of noise {unknown}
 K - a scroll of enchant armour {unknown}
Potions
 f - 2 potions of haste
 h - a potion of attraction {unknown}
 r - 3 potions of heal wounds
 t - 4 potions of lignification
 u - 3 potions of brilliance
 w - 4 potions of mutation
 H - a potion of might {unknown}
 I - a potion of flight {unknown}
 N - a potion of curing {unknown}


   Skills:
 + Level 7.2 Fighting
 + Level 3.0 Axes
 + Level 5.3 Throwing
 + Level 5.8 Armour
 + Level 6.3 Dodging
 - Level 5.0 Stealth
 + Level 5.8 Shields
 + Level 1.8 Necromancy
 + Level 6.5 Evocations


You had 9 spell levels left.
You didn't know any spells.
Your spell library contained the following spells:

 Spells                   Type           Power      Damage    Failure   Level
 Apportation              Tloc           0%         N/A       77%         1
 Animate Dead             Necr           4%         N/A       99%         4
 Alistair's Intoxication  Tmut/Pois      0%         N/A       100%        5
 Borgnjor's Vile Clutch   Necr/Erth      1%         N/A       100%        5
 Death Channel            Necr           2%         N/A       100%        6


Dungeon Overview and Level Annotations

Branches:
Dungeon (9/15)             Temple (0/1) D:4         Ossuary (visited)
   Lair: D:8-11         Orc: D:9-12

Altars:
Cheibriados
Dithmenos
Fedhas
Gozag
Makhleb
Okawaru
Sif Muna
Trog
Uskayaw
Xom
Yredelemnul

Shops:
D:2 (   D:9 *!!(

Annotations:
D:7 1 runed translucent door, lotum's ghost, novice OpTm


Innate Abilities, Weirdness & Mutations

You have a pair of antennae on your head.
You are mostly covered in yellow scales. (AC +3)
A weak demonic guardian rushes to your aid.
You regenerate a little health from kills.
You sometimes lose your temper in combat.
You are robust. (+10% HP)


Message History

You are too injured to fight recklessly!
You are too injured to fight recklessly!
You miss the rakshasa.
The rakshasa is severely wounded.
You barely miss the rakshasa. You block the rakshasa's attack.
You hit the rakshasa but do no damage.
The rakshasa is severely wounded.
You hit the rakshasa. You block the rakshasa's attack. x2
The rakshasa hits you with a +0 whip!
* * * LOW HITPOINT WARNING * * *
The rakshasa hits you but does no damage.
The rakshasa hits you with a +0 whip.
* * * LOW HITPOINT WARNING * * *
You feel much better. The rakshasa barely misses you.
You block the rakshasa's attack. The rakshasa hits you with a +0 whip.
You hit the rakshasa.
The rakshasa is severely wounded.
You hit the rakshasa. x2; You block the rakshasa's attack. x2
The rakshasa hits you with a +0 whip!
You hit the rakshasa but do no damage.
The rakshasa is severely wounded.
You hit the rakshasa but do no damage. You miss the rakshasa.
The rakshasa hits you with a +0 whip.
A demonic guardian appears!
The rakshasa blinks!
You block the rakshasa's attack. The rakshasa hits you with a +0 whip!
* * * LOW HITPOINT WARNING * * *
The rakshasa hits you but does no damage.
You hit the rakshasa.
The rakshasa is severely wounded.
You hit the rakshasa. You block the rakshasa's attack.
The rakshasa gestures at you. The lance of force hits you!
* * * LOW HITPOINT WARNING * * *
You are knocked back by the lance of force.
Your quasit barely misses the rakshasa.
Your quasit closely misses the rakshasa.
Your quasit misses the rakshasa. The rakshasa gestures at you.
The lance of force hits you!!
You die...

##....)## ##...#...##
########.))###...#########
.)..†.....)...............
#######..#)).).#..........
#.##.._..##.########
#..#.)...#..#
#...........#########.#
.....###.R@...........#
##....#.5.##########..#
##.#....RR# .#
..........####### #
................ .
.........>......
#.####..(......... ## #.#
#.(.)........
...##..###............


You could see 3 rakshasas and a friendly quasit (summoned).

Vanquished Creatures
  A kobold demonologist (D:9)
  An efreet (D:9)
  A troll (D:8)
  4 hornets (D:8)
  A wyvern (D:7)
  2 yaks (D:9)
  A steam dragon (D:5)
  Menkaure (D:7)
  Edmund (D:6)
  Duvessa (D:6)
  An acid dragon (D:8)
  4 orc warriors
  3 sky beasts
  3 ogres
  An ice beast (D:8)
  2 centaurs (D:9)
  A kobold brigand (D:8)
  3 bullfrogs
  An elf zombie (Ossuary)
  2 necrophages
  2 gnoll sergeants (D:6)
  4 scorpions
  10 wights
  Dowan (D:6)
  7 killer bees
  A howler monkey (D:9)
  A centaur zombie (Ossuary)
  3 orc priests
  4 hounds
  2 human zombies (Ossuary)
  2 jellies
  3 gnoll boudas
  Crazy Yiuf (D:7)
  3 iguanas
  2 orc wizards
  2 mummies (Ossuary)
  7 adders
  15 gnolls
  A white imp (D:7)
  An adder zombie (Ossuary)
  14 orcs
  3 ball pythons
  8 endoplasms
  3 giant cockroaches
  4 goblins
  7 hobgoblins
  3 jackals (D:2)
  3 quokkas
  9 bats
  2 frilled lizards
  A goblin zombie (Ossuary)
  11 hobgoblin zombies (Ossuary)
  2 jackal zombies (Ossuary)
  16 kobolds
  10 kobold zombies (Ossuary)
  7 orc zombies (Ossuary)
  5 rats
  A rat zombie (Ossuary)
216 creatures vanquished.

Vanquished Creatures (collateral kills)
  A water moccasin (D:7)
  An ogre (D:6)
  A wight (D:6)
3 creatures vanquished.

Vanquished Creatures (others)
  A bush (D:7)
  A fungus (D:3)
  24 plants
26 creatures vanquished.

Grand Total: 245 creatures vanquished

Notes
Turn   | Place    | Note
-------+----------+-------------------------------------------
     0 | D:5      | flotson the Demonspawn Delver began the quest for the Orb.
     0 | D:5      | Reached XP level 1. HP: 18/18 MP: 1/1
    45 | D:3      | Found a burning altar of Makhleb.
    54 | D:3      | Gained mutation: You regenerate a little health from kills.
                  | [demonic ancestry]
    54 | D:3      | Reached XP level 2. HP: 22/24 MP: 2/2
   248 | D:3      | Reached skill level 1 in Evocations
   277 | D:3      | Found a shimmering blue altar of Sif Muna.
   382 | D:3      | Gained mutation: You have a pair of small antennae on your
                  | head. [demonic ancestry]
   382 | D:3      | Reached XP level 3. HP: 29/29 MP: 3/3
   585 | D:1      | Reached skill level 1 in Armour
  1438 | D:2      | Found a blossoming altar of Fedhas.
  1492 | D:2      | Found a faded altar of an unknown god.
  1711 | D:2      | Reached XP level 4. HP: 35/35 MP: 4/4
  1791 | D:2      | Found Reatsag's Antique Weapon Emporium.
  1802 | D:2      | Bought a war axe for 80 gold pieces
  2407 | D:3      | Noticed a scorpion
  2420 | D:3      | Killed a scorpion
  2421 | D:3      | Reached skill level 5 in Stealth
  2421 | D:3      | Reached skill level 1 in Shields
  2421 | D:3      | Reached XP level 5. HP: 21/41 MP: 5/5
  2739 | D:4      | Found a shadowy altar of Dithmenos.
  2801 | D:4      | Found a bloodstained altar of Trog.
  2831 | D:4      | Found a staircase to the Ecumenical Temple.
  2951 | D:4      | Found an opulent altar of Gozag.
  3563 | D:5      | Noticed an ogre
  3969 | D:4      | Gained mutation: A weak demonic guardian rushes to your
                  | aid. [demonic ancestry]
  3969 | D:4      | Reached XP level 6. HP: 39/48 MP: 6/6
  4159 | D:5      | Reached skill level 4 in Fighting
  4595 | D:5      | Reached skill level 1 in Throwing
  4607 | D:5      | Reached XP level 7. HP: 49/54 MP: 7/7
  5340 | D:6      | Noticed Dowan
  5341 | D:6      | Noticed Duvessa
  5444 | D:6      | Noticed a steam dragon
  6081 | D:6      | Found a blossoming altar of Fedhas.
  6236 | D:6      | Found a snail-covered altar of Cheibriados.
  6462 | D:6      | Gained mutation: You have a pair of antennae on your head.
                  | [demonic ancestry]
  6462 | D:6      | Reached XP level 8. HP: 53/61 MP: 8/8
  6553 | D:6      | Noticed Edmund
  6568 | D:6      | Killed Edmund
  6569 | D:6      | Reached skill level 5 in Fighting
  6735 | D:6      | Found a hide-covered altar of Uskayaw.
  6810 | D:6      | Gained mutation: You sometimes lose your temper in combat.
                  | [potion of mutation]
  6810 | D:6      | Gained mutation: You are robust. (+10% HP) [potion of
                  | mutation]
  7144 | D:6      | Found a basalt altar of Yredelemnul.
  7491 | D:6      | Killed Duvessa
  7497 | D:6      | Killed Dowan
  7598 | D:7      | Found a sand-covered staircase.
  7605 | Ossuary  | Entered an ossuary
  7814 | Ossuary  | Gained mutation: You are partially covered in yellow
                  | scales. (AC +2) [demonic ancestry]
  7814 | Ossuary  | Reached XP level 9. HP: 72/75 MP: 9/9
  8015 | D:7      | Found a runed translucent door.
  8281 | D:7      | Reached skill level 5 in Dodging
  8404 | D:7      | Noticed Menkaure
  8414 | D:7      | Killed Menkaure
  8415 | D:7      | Reached skill level 6 in Fighting
  8415 | D:7      | Reached skill level 5 in Evocations
  9184 | D:7      | Found a runed translucent door.
  9185 | D:7      | Noticed Crazy Yiuf
  9192 | D:7      | Killed Crazy Yiuf
  9299 | D:7      | Noticed lotum's ghost (novice OpTm)
  9299 | D:7      | Noticed a manticore
  9847 | D:8      | Reached skill level 5 in Armour
  9847 | D:8      | Reached skill level 5 in Shields
 10013 | D:8      | Noticed a skeletal warrior
 10081 | D:8      | Gained mutation: You are mostly covered in yellow scales.
                  | (AC +3) [demonic ancestry]
 10081 | D:8      | Reached XP level 10. HP: 64/84 MP: 10/10
 10241 | D:8      | Found a shimmering altar of Xom.
 10341 | D:8      | Noticed a tengu warrior
 10358 | D:9      | Found Rioroekhym's Antique Weapon Boutique.
 10373 | D:9      | Found Iqyv's Distillery.
 10516 | D:9      | Noticed a seven-headed hydra
 10621 | D:9      | Bought a potion of degeneration for 15 gold pieces
 10650 | D:9      | Found Wuxiffou's Distillery.
 10721 | D:9      | Paralysed by a hornet for 1 turns
 10735 | D:8      | Paralysed by a hornet for 3 turns
 10739 | D:8      | Reached skill level 5 in Throwing
 10849 | D:8      | Reached skill level 7 in Fighting
 10963 | D:8      | Noticed a death knight
 10967 | D:8      | Noticed a seven-headed hydra
 10974 | D:8      | Identified the +5 hand axe "Ahereu Udost" {elec, rElec
                  | Will+ rCorr}
 10979 | D:9      | Found Hiah Bugg's Assorted Antiques.
 10982 | D:9      | Bought a scroll of identify for 50 gold pieces
 10982 | D:9      | Bought a runed war axe for 162 gold pieces
 10982 | D:9      | Bought an emerald potion for 22 gold pieces
 10982 | D:9      | Bought a scroll labelled XAINGI IM DYDGH for 25 gold pieces
 11032 | D:9      | Found an iron altar of Okawaru.
 11279 | D:9      | Reached skill level 1 in Necromancy
 11375 | D:9      | Noticed a rakshasa
 11414 | D:9      | Killed from afar by a rakshasa (illusionary)

Illustrated notes

Levels and vault maps discovered:
D:1:      minmay_arrival_stone_box, layout_basic
D:2:      minmay_chambers_of_ones, layout_basic, basic_altar, serial_shops,
          nicolae_lakefront_shop, shapermc_ecumenical_altar_notcrosses,
          serial_park_tiny_pond, serial_park_tiny_1
D:3:      minmay_door_path, layout_basic, mainiacjoe_overflow_boulevard,
          led_sif_book, serial_glass, glass_columns_a, glass_columns_a,
          glass_columns_a, glass_columns_c, glass_columns_b, glass_columns_a,
          glass_columns_b, glass_columns_a
D:4:      layout_gridville, grunt_dithmenos_smoke_and_mirrors,
          mainiacjoe_overflow_small_starburst,
          mainiacjoe_overflow_surrounded_room, temple_pool_b, serial_bayou,
          serial_bayou_pond_d, serial_bayou_shore_a, serial_bayou_crossing,
          serial_bayou_pond_e, minivault_24
D:5:      layout_layer_cave, lemuel_tele_altar, water_boxes_lemuel
D:6:      layout_loops_corners, cheibriados_altar_1, kennysheep_mini,
          fedhas_ov_isle_minmay, mainiacjoe_overflow_tiny_flanked,
          nicolae_grassy_gnolls, uniq_edmund, uniq_duvessa
D:7:      layout_loops_ring, lightli_ossuary_entry_decrepit_ruins,
          ebering_ghost_inner_flame, roderic_serpentine_path, minmay_hedge_maze,
          uniq_crazy_yiuf_cottage, uniq_menkaure
D:8:      minmay_the_grid_four_pointed_star
          [minmay_the_grid_triangle_9x9_stretched_checkered,
          minmay_the_grid_triangle_9x9_flanged_cone,
          minmay_the_grid_triangle_9x9_intruding_spiral,
          minmay_the_grid_triangle_9x9_minimal,
          minmay_the_grid_prize_four_corners], layout_basic, lemuel_round_altar,
          serial_shops, shop
D:9:      cheibrodos_fzero, layout_long_grid,
          beargit_hepliaklqana_dungeon_heroes, okawaru_ov_weapons_minmay,
          overflow_temple_1_default, pdpol_wu_jian_five_deadly_venoms,
          serial_shops, nicolae_shop_crystal, nicolae_shop_advertising_works
          [nicolae_subvault_shop_adworks], shop, shop

Skill      XL: |  1  2  3  4  5  6  7  8  9 10 |
---------------+-------------------------------+-----
Dodging        | 2 3 4 5 6 |  6.3
Axes           | 2 3 |  3.0
Evocations     | 1 2 3 4 5 6 |  6.5
Armour         | 1 2 3 4 5 |  5.8
Stealth        | 5 |  5.0
Shields        | 1 2 3 4 5 |  5.8
Fighting       | 4 5 6 7 |  7.2
Throwing       | 1 2 3 4 5 |  5.3
Necromancy     | 1 |  1.8

Action                   |  1- 3 |  4- 6 |  7- 9 | 10-12 || total
-------------------------+-------+-------+-------+-------++-------
Melee: Hand axe          |   155 |     5 |       |       ||   160
       War axe           |       |   147 |    74 |   148 ||   369
       Scimitar          |       |       |    33 |       ||    33
       Flail             |       |       |   357 |    60 ||   417
       Spear             |       |       |    16 |       ||    16
Throw: Dart              |       |    20 |    41 |    31 ||    92
       Throwing net      |       |     1 |       |       ||     1
Evoke: Wand              |       |       |     4 |     5 ||     9
  Use: Scroll            |       |       |     3 |     2 ||     5
       Potion            |       |       |     6 |     1 ||     7
 Stab: Sleeping          |     3 |     5 |     2 |       ||    10
       Distracted        |       |       |     2 |       ||     2
       Invisible         |       |       |       |     1 ||     1
Armor: Leather armour    |    10 |       |       |       ||    10
       Chain mail        |    16 |       |   222 |       ||   238
       Scale mail        |    66 |    82 |    85 |       ||   233
       Skin              |       |       |     3 |       ||     3
       Acid dragon scale |       |       |    26 |   171 ||   197
Dodge: Dodged            |    60 |    73 |   181 |   166 ||   480
Block: Kite shield       |    49 |    74 |   260 |   199 ||   582

Table legend: (Time is in decaauts)
 A = Elapsed time spent in this place.
 B = Non-inter-level travel time spent in this place.
 C = Inter-level travel time spent in this place.
 D = Time resting spent in this place.
 E = Time spent auto-exploring this place.
 F = Levels seen in this place.
 G = Mean time per level.
                   A        B        C        D        E       F      G
               +--------+--------+--------+--------+--------+-----+--------+
         Total |  12028 |  11295 |    733 |   1031 |   7046 |  10 | 1202.8 |
       Dungeon |  11643 |  10910 |    733 |    984 |   6958 |   9 | 1293.7 |
       Ossuary |    385 |    385 |      0 |     47 |     88 |   1 |  385.0 |
               +--------+--------+--------+--------+--------+-----+--------+

Top non-repeatable levels by time:
     D:5: 2152 daAuts
     D:6: 1774 daAuts
     D:7: 1728 daAuts
     D:4: 1169 daAuts
     D:8: 1150 daAuts
     D:2: 1053 daAuts
     D:3: 1052 daAuts
     D:9: 841 daAuts
     D:1: 721 daAuts
 Ossuary: 385 daAuts
